AoeStats
← no one

Nomad

509901694Analyzed
2v2 RM · 4d ago on Sep 28, 2026· 33m 13s· 4 players
Game mode
Random Map
Map size
176×176
Population
200
Speed
Normal
Resources
Standard
Victory
Conquest
Starting age
Dark Age
Ending age
Imperial Age
RankedLock teamsTeams togetherTeam positionsShared explorationLock speedFull tech treeHidden civsTurbo modeCheats
Victory
Defeat
🇧🇴 Vikings · Bolivia
1500
+10
🇦🇷 Franks · Argentina
1268
+19
🇪🇸 Poles · Spain
1395
-16
🇮🇳 Goths · India
1311
-13
FreeHugs
6:00 Loom
11:55 Feudal Age
16:14 Castle Age
15:35 Double-Bit Axe
19:55 Bow Saw
19:28 Horse Collar
20:02 Bloodlines
20:51 Scale Barding Armor
22:07 Forging
23:07 Stone Mining
23:40 Squires
24:14 Scale Mail Armor
23:38 Man-at-Arms
30:40 Wheelbarrow
30:22 Husbandry
32:47 Chain Mail Armor
32:57 Chain Barding Armor
33:37 Heavy Plow
RockAxe2
11:06 Loom
13:08 Feudal Age
16:45 Castle Age
16:46 Double-Bit Axe
18:45 Bow Saw
18:17 Horse Collar
18:50 Fletching
21:28 Scale Mail Armor
25:23 Chain Mail Armor
25:33 Squires
25:16 Man-at-Arms
26:30 Heavy Plow
26:32 Long Swordsman
29:08 Forging
30:50 Crossbowman
no one
5:07 Loom
12:34 Feudal Age
17:30 Castle Age
16:17 Double-Bit Axe
yecjoel
12:07 Feudal Age
12:35 Double-Bit Axe
14:11 Fletching
16:00 Loom
21:28 Castle Age
19:52 Scale Mail Armor
20:34 Forging
19:45 Man-at-Arms
21:35 Pikeman
22:16 Squires
22:05 Long Swordsman
23:26 Chain Mail Armor
25:33 Bow Saw
26:19 Iron Casting
26:00 Arson
26:19 Town Watch
28:12 Bodkin Arrow
30:17 Fishing Lines
31:01 Gillnets
Connection lost

Rejoining the realm…

Still unreachable

The connection could not be restored.

Session expired

The server has moved on; the page needs a fresh start.